 Dungeon Crawl Stone Soup version 0.18.1-48-g4cf74bf (webtiles) character file.

2806 Tide the Frost Mage (level 9, -2/69 HPs)
             Began as a Green Draconian Ice Elementalist on Aug 26, 2016.
             Was an Elder of Sif Muna.
             Slain by a yak (11 damage)
             ... on level 8 of the Dungeon.
             The game lasted 00:45:22 (10659 turns).

Tide the Frost Mage (DrIE)                         Turns: 10659, Time: 00:45:22

Health: -2/69      AC: 19    Str: 12    XL:     9   Next: 44%
Magic:  0/18       EV: 12    Int: 18    God:    Sif Muna [****..]
Gold:   385        SH:  0    Dex: 11    Spells: 5 memorised, 6 levels left

rFire  . . .     SeeInvis .     D - staff of cold
rCold  + + .     Gourm    .     (armour unavailable)
rNeg   . . .     Faith    .     (no shield)
rPois  +         Spirit   .     (helmet restricted)
rElec  .         Dismiss  .     (no cloak)
rCorr  .         Reflect  .     x - +2 pair of gloves
SustAt .         Harm     .     (no boots)
MR     .....                    o - amulet of rage
Stlth  ++........               E - ring of ice
                                q - ring of protection from fire

@: icy armour (expiring), very slightly contaminated, slow, not resistant to
hostile enchantments, unstealthy
A: breathe noxious fumes, unfitting armour, poison resistance, cold-blooded, AC
+7
a: Breathe Noxious Fumes, Channel Energy, Forget Spell, Renounce Religion, Evoke
Berserk Rage


You were on level 8 of the Dungeon.
You worshipped Sif Muna.
Sif Muna was greatly pleased with you.
You were very hungry.

You visited 2 branches of the dungeon, and saw 9 of its levels.

You collected 385 gold pieces.

Inventory:

Hand Weapons
 c - a +0 short sword of draining
 v - a +2 dagger of electrocution
Armour
 u - a swamp dragon hide
 x - a +2 pair of gloves (worn)
Magical Staves
 r - an uncursed staff of energy
 D - an uncursed staff of cold (weapon)
Jewellery
 o - an amulet of rage (around neck)
 q - a ring of protection from fire (left hand)
 E - a ring of ice (right hand)
 G - an uncursed ring of poison resistance
 H - an uncursed ring of resist corrosion
Scrolls
 e - a scroll of magic mapping
 g - 2 scrolls of fog
 h - a scroll of enchant weapon {unknown}
 i - 5 scrolls of identify
 l - 2 scrolls of remove curse {unknown}
 p - 5 scrolls of teleportation {unknown}
 s - 2 scrolls of blinking {unknown}
 y - 2 scrolls of amnesia {unknown}
 z - a scroll of fear {unknown}
 B - a scroll of summoning {unknown}
 F - 5 scrolls of recharging {unknown}
Potions
 d - 2 potions of degeneration {unknown}
 f - 2 potions of cure mutation {unknown}
 j - 2 potions of haste {unknown}
 k - 2 potions of berserk rage
 m - 2 potions of lignification {unknown}
 n - 2 potions of heal wounds {unknown}
 t - 2 potions of resistance {unknown}
 w - a potion of brilliance {unknown}
 A - a potion of ambrosia {unknown}
Books
 a - a book of Frost

   Spells                             Type                      Level
   a - Freeze                         Ice                          1
   b - Throw Frost                    Conjuration/Ice              2
   c - Ozocubu's Armour               Charms/Ice                   3
   d - Throw Icicle                   Conjuration/Ice              4
   e - Summon Ice Beast               Ice/Summoning                4
 C - a book of Conjurations

   Spells                             Type                      Level
   a - Magic Dart                     Conjuration                  1
   b - Searing Ray                    Conjuration                  2
   c - Dazzling Spray                 Conjuration/Hexes            3
   d - Fulminant Prism                Conjuration/Hexes            4
   e - Iskenderun's Mystic Blast      Conjuration                  4
   f - Iskenderun's Battlesphere      Conjuration/Charms           5
Comestibles
 b - 3 bread rations
 I - 19 fruits


   Skills:
 - Level 3.1 Fighting
 - Level 1.7 Dodging
 - Level 1.7 Stealth
 + Level 6.3 Spellcasting
 - Level 3.2 Conjurations
 + Level 3.5 Summonings
 * Level 10.0 Ice Magic


You had 6 spell levels left.
You knew the following spells:

 Your Spells              Type           Power        Failure   Level  Hunger
a - Freeze                Ice            ####         1%          1    None
b - Throw Frost           Conj/Ice       ######       1%          2    None
c - Ozocubu's Armour      Chrm/Ice       ######..     4%          3    ##.....
d - Throw Icicle          Conj/Ice       ######..     10%         4    ####...
e - Summon Ice Beast      Ice/Summ       ######..     10%         4    ####...


Dungeon Overview and Level Annotations

Branches:
Dungeon (8/15)             Temple (1/1) D:4
   Lair: D:8-11

Altars:
Ashenzari
Cheibriados
Dithmenos
Fedhas
Gozag
Kikubaaqudgha
Makhleb
Nemelex Xobeh
Okawaru
Pakellas
Qazlal
Ru
Sif Muna
Trog
Vehumet
Xom
Yredelemnul
Zin
The Shining One


Innate Abilities, Weirdness & Mutations

You can breathe blasts of noxious fumes.
Your lurid green scales are hard (AC +7).
Your body does not fit into most forms of armour.
Your system is resistant to poisons.
You are cold-blooded and may be slowed by cold attacks.


Message History

Casting: Freeze
Confirm with . or Enter, or press ? or * to list all spells.
Aiming: Freeze
Press: ? - help, Shift-Dir - straight line, f/p - hound
Aim: a hound (severely wounded)
You feel a strong surge of power!
You freeze the hound.
The hound is almost dead.
Your icy armour starts to melt.
The hound bites you but does no damage. The yak gores your ice beast!
The yak barely misses your ice beast.
Your ice beast hits the yak but does no damage.
The yak gores you.
* * * LOW HITPOINT WARNING * * *
Drink which item? (? for menu, Esc to quit)
It was a potion of berserk rage.
You're too hungry to go berserk.
The hound misses you.
The yak gores your ice beast but does no damage.
The hound bites you but does no damage.
Your ice beast hits the yak.
Your ice beast freezes the yak!!
The yak gores you!
You die...

..[........#........
...........#........
....................
...p.!...###..####.
#.po...# ##.)## #))Y##
#...# ##pY.## #)#.#
#...[.#####.#)####
#........YYY(h@..#
###..........Y.Y##.#..
......P.....oP........
.###.....)..%...####...
##.#.#++#.#.## ...
##### ##### ##


You could see 4 yaks, a hound, an orc and a friendly ice beast.

Vanquished Creatures
  Joseph (D:8)
  A water moccasin (D:6)
  An orc warrior (D:6)
  An ice beast (D:5)
  2 phantoms
  A black bear (D:7)
  3 ogres
  An eye of draining (D:8)
  2 giant frogs (D:6)
  A water moccasin skeleton (D:6)
  A scorpion (D:7)
  2 howler monkeys
  A giant frog zombie (D:5)
  4 crimson imps
  5 orc priests
  A gnoll shaman (D:6)
  An orc wizard (D:5)
  A centaur skeleton (D:5)
  2 iguanas
  3 worker ants
  A hound zombie (D:5)
  A hound skeleton (D:6)
  6 gnolls (D:6)
  9 adders
  An ooze (D:1)
  An adder zombie (D:5)
  2 worms
  2 dart slugs
  8 giant geckos
  14 orcs
  8 bats
  5 giant cockroaches
  7 goblins
  4 hobgoblins
  4 jackals
  3 quokkas
  2 ball pythons (D:3)
  A giant gecko skeleton (D:5)
  3 giant newts
  10 kobolds
  A quokka zombie (D:7)
  9 rats
137 creatures vanquished.

Vanquished Creatures (collateral kills)
  Pikel (D:8)
  A yak (D:8)
  An orc warrior (D:7)
  A slave (D:8)
  3 killer bees (D:7)
  A giant frog zombie (D:7)
  A hound (D:8)
  A giant frog skeleton (D:8)
  9 orcs
19 creatures vanquished.

Vanquished Creatures (others)
  3 slaves (D:8)
  A rat (D:3)
4 creatures vanquished.

Grand Total: 160 creatures vanquished

Notes
Turn   | Place    | Note
--------------------------------------------------------------
     0 | D:1      | Tide the Draconian Ice Elementalist began the quest for the Orb.
     0 | D:1      | Reached XP level 1. HP: 14/14 MP: 3/3
   165 | D:1      | Reached XP level 2. HP: 15/20 MP: 1/5
  1019 | D:1      | Reached XP level 3. HP: 25/26 MP: 6/6
  1371 | D:2      | Found an opulent altar of Gozag.
  1638 | D:2      | Reached skill level 4 in Ice Magic
  2169 | D:3      | Noticed a phantom
  2541 | D:3      | Learned a level 2 spell: Throw Frost
  2545 | D:3      | Learned a level 3 spell: Ozocubu's Armour
  2617 | D:3      | Reached XP level 4. HP: 33/33 MP: 5/8
  2716 | D:3      | Killed a phantom
  2716 | D:3      | Reached XP level 5. HP: 9/38 MP: 6/10
  3212 | D:3      | Reached skill level 5 in Ice Magic
  4066 | D:4      | Found a staircase to the Ecumenical Temple.
  4072 | Temple   | Entered the Ecumenical Temple
  4149 | Temple   | Became a worshipper of Sif Muna the Loreminder
  4567 | D:4      | Found an oddly glowing altar of Pakellas.
  4799 | D:4      | Found a shimmering altar of Xom.
  4799 | D:4      | Found a glowing golden altar of the Shining One.
  5274 | D:4      | Reached skill level 1 in Fighting
  5362 | D:4      | Reached XP level 6. HP: 34/47 MP: 7/11
  5455 | D:5      | Entered Level 5 of the Dungeon
  5837 | D:5      | Reached skill level 6 in Ice Magic
  6011 | D:5      | Your scales start taking on a lurid green colour.
  6011 | D:5      | Reached XP level 7. HP: 36/56 MP: 8/13
  6011 | D:5      | Gained mutation: Your system is resistant to poisons. [Green Draconian growth]
  6018 | D:5      | Reached * piety under Sif Muna
  6530 | D:5      | Reached skill level 7 in Ice Magic
  7136 | D:6      | Reached XP level 8. HP: 63/63 MP: 8/15
  7291 | D:6      | Found an iron altar of Okawaru.
  7293 | D:6      | Found a bloodstained altar of Trog.
  7297 | D:6      | Reached skill level 5 in Spellcasting
  7335 | D:6      | Reached ** piety under Sif Muna
  7494 | D:6      | Learned a level 4 spell: Throw Icicle
  7499 | D:6      | Learned a level 4 spell: Summon Ice Beast
  7506 | D:6      | Found a shattered altar of Ashenzari.
  7891 | D:6      | Reached skill level 8 in Ice Magic
  8383 | D:6      | Reached skill level 1 in Summonings
  9160 | D:7      | Reached *** piety under Sif Muna
  9347 | D:7      | Reached skill level 9 in Ice Magic
  9735 | D:7      | Found a stormy altar of Qazlal.
 10061 | D:8      | Noticed Joseph
 10065 | D:7      | Reached XP level 9. HP: 50/69 MP: 17/17
 10319 | D:8      | Killed Joseph
 10630 | D:8      | Noticed Pikel
 10645 | D:8      | Killed Pikel
 10645 | D:8      | Reached **** piety under Sif Muna
 10645 | D:8      | Reached skill level 10 in Ice Magic
 10659 | D:8      | Slain by a yak

Skill      XL: |  1  2  3  4  5  6  7  8  9 |
---------------+----------------------------+-----
Ice Magic      | 4 5 6 7 9 10 | 10.0
Spellcasting   | 3 4 5 6 |  6.3
Fighting       | 1 2 3 |  3.1
Conjurations   | 2 3 |  3.2
Summonings     | 2 3 |  3.5
Dodging        | |  1.7
Stealth        | |  1.7

Action                   |  1- 3 |  4- 6 |  7- 9 || total
-------------------------+-------+-------+-------++-------
Melee: Unarmed           |    14 |       |       ||    14
       Tailslap          |     9 |    11 |    34 ||    54
       Short sword       |    90 |    58 |       ||   148
       Staff             |       |    37 |   266 ||   303
 Cast: Freeze            |    28 |    51 |    76 ||   155
       Ozocubu's Armour  |       |     6 |    21 ||    27
       Throw Frost       |       |    21 |    53 ||    74
       Summon Ice Beast  |       |       |    10 ||    10
       Throw Icicle      |       |       |     1 ||     1
 Abil: Breathe Noxious F |       |       |     6 ||     6
  Use: Scroll            |       |     3 |     3 ||     6
       Potion            |       |       |     1 ||     1
 Stab: Sleeping          |     5 |     2 |       ||     7
  Eat: Chunk             |     5 |     2 |     3 ||    10
       Fruit             |       |     5 |     1 ||     6
       Meat ration       |       |     1 |     1 ||     2
       Bread ration      |       |       |     2 ||     2
Armor: Skin              |    40 |    48 |   180 ||   268
Dodge: Dodged            |    83 |    95 |   237 ||   415
